Cogmind - Beta 15 @@@ ROGUE MODE // 2025.08.04 @ 00:58:40 Player: Inverisimilidude Result: Destroyed by S-27 Virus with Autogun Performance ------------- Evolutions (4) 2000 Regions Visited (10) 2000 Robots Destroyed (3) 15 Value Destroyed (68) 68 Prototype IDs (0) 0 Alien Tech Used (0) 0 Bonus (500) 500 TOTAL SCORE: 4583 Bonus ------- Entered DSFs 500 Cogmind --------- Core Integrity 0/850 Matter 290/300 Energy 14/100 System Corruption 1% Temperature Cool (39) Movement Core (50) Location -6/Lower Caves Parts ------- > --- POWER (1) -------- (None) > --- PROPULSION (7) --- (None) > --- UTILITY (5) ------ Makeshift Terrain Scan Processor > --- WEAPON (2) ------- Plasma Flamer > --- INVENTORY (5) ---- Neutrino Core Peak State ------------ > --- POWER ------------ (None) > --- PROPULSION ------- Light Armored Exoskeleton > --- UTILITY ---------- System Restoration Module System Restoration Module > --- WEAPON ----------- (None) > --- INVENTORY -------- (None) [Rating: 16] Favorites ----------- Power Ion Engine Engine Ion Engine Propulsion Compact Wheel Leg Light Armored Exoskeleton Wheel Compact Wheel Utility Small Storage Unit Device Seismic Detector Storage Small Storage Unit Processor Makeshift Terrain Scan Processor Hackware Makeshift System Shield Weapon Medium Laser Energy Gun Medium Laser Special Weapon Plasma Flamer Build | -11 -10 -9 -8 -7 -7 -7 -7 -6 -6 -6 ------- Run | Yrd Mat Mat Mat Fac Was Fac DSF Fac Low Low Slots Evolved 8 | . . 2 2 2 . . . 2 . . Power . | . . . . . . . . . . . Propulsion 5 | . . 1 . 2 . . . 2 . . Utility 3 | . . 1 2 . . . . . . . Weapon . | . . . . . . . . . . . Parts Attached 15 | 7 . . . . . . 4 . 3 1 Power 1 | 1 . . . . . . . . . . Engine 1 | 1 . . . . . . . . . . Core . | . . . . . . . . . . . Reactor . | . . . . . . . . . . . Propulsion 3 | 2 . . . . . . 1 . . . Treads . | . . . . . . . . . . . Leg 1 | . . . . . . . 1 . . . Wheel 2 | 2 . . . . . . . . . . Hover . | . . . . . . . . . . . Flight . | . . . . . . . . . . . Utility 8 | 2 . . . . . . 3 . 3 . Device 5 | 1 . . . . . . 3 . 1 . Storage 1 | 1 . . . . . . . . . . Processor 1 | . . . . . . . . . 1 . Hackware 1 | . . . . . . . . . 1 . Protection . | . . . . . . . . . . . Artifact . | . . . . . . . . . . . Weapon 3 | 2 . . . . . . . . . 1 Energy Gun 2 | 2 . . . . . . . . . . Energy Cannon . | . . . . . . . . . . . Ballistic Gun . | . . . . . . . . . . . Ballistic Cannon . | . . . . . . . . . . . Launcher . | . . . . . . . . . . . Special Weapon 1 | . . . . . . . . . . 1 Impact Weapon . | . . . . . . . . . . . Slashing Weapon . | . . . . . . . . . . . Piercing Weapon . | . . . . . . . . . . . Special Melee Weapon . | . . . . . . . . . . . Unidentified Prototypes . | . . . . . . . . . . . Parts Lost 3 | . . . . . . . 2 . . 1 Power . | . . . . . . . . . . . Propulsion . | . . . . . . . . . . . Utility 3 | . . . . . . . 2 . . 1 Weapon . | . . . . . . . . . . . Highest Loss Streak 1 | . . . . . . . 1 . . 1 To Critical Strikes . | . . . . . . . . . . . Average Backups 1 | 2 4 4 . . . . . . . 1 Power . | . 1 1 . . . . . . . 1 Propulsion . | 1 2 2 . . . . . . . . Utility . | . . . . . . . . . . . Weapon . | . 1 1 . . . . . . . . Tool/Special . | . . . . . . . . . . . Unused Backups 5 | . . . 4 . . . . . . 1 Power 2 | . . . 1 . . . . . . 1 Propulsion 2 | . . . 2 . . . . . . . Utility . | . . . . . . . . . . . Weapon 1 | . . . 1 . . . . . . . Tool/Special . | . . . . . . . . . . . Average Slot Usage (%) 21 | . 100 57 . . . . 9 . 6 11 Engine 2 | . 14 8 . . . . . . . . Wheel 5 | . 28 16 . . . . . . . . Device 3 | . 14 8 . . . . 9 . . . Storage 2 | . 14 8 . . . . . . . . Processor 1 | . . . . . . . . . 3 6 Energy Gun 5 | . 28 16 . . . . . . . . Peak Build Rating 16 | 7 7 7 . . . . 16 . 8 9 Average Rating 3 | 4 7 4 . . . . 5 . 4 7 On Entrance 2 | . 7 7 . . . . . . . 8 Naked Turns 627 | . . 26 98 148 49 59 38 141 68 . Heaviest Build 15 | 15 15 15 . . . . 3 . . 3 Greatest Support 26 | 26 26 26 3 3 3 3 3 3 3 3 Greatest Overweight (x) . | . . . . . . . . . . . Average Overweight (x) . | . . . . . . . . . . . Largest Inventory Capacity 8 | 8 8 8 5 5 5 5 5 5 5 5 Average Capacity 5 | 7 8 6 5 5 5 5 5 5 5 5 Most Carried 4 | 4 4 4 3 . . . . . 1 1 Average Carried 1 | 2 4 4 . . . . . . . 1 Final Capacity 8 | 8 8 5 5 5 5 5 5 5 5 5 Final Carried 4 | 4 4 4 . . . . . . 1 1 Class Distribution -------------------- 100% | Mutant Dominant Class ---------------- Mutant | -10/Materials Mutant | -9/Materials Mutant | -8/Materials Mutant | -7/Factory Mutant | -7/Waste Mutant | -7/Factory Mutant | -7/DSF Mutant | -6/Factory Mutant | -6/Lower Caves Mutant | -6/Lower Caves Resources | -11 -10 -9 -8 -7 -7 -7 -7 -6 -6 -6 ----------- Run | Yrd Mat Mat Mat Fac Was Fac DSF Fac Low Low Matter Collected 327 | 270 . . . . . . 14 . 43 . Remotely . | . . . . . . . . . . . Salvage Created 84 | 29 50 . . . . . . . . 5 Parts 5 | 3 2 . . . . . . . . . Haulers Intercepted . | . . . . . . . . . . . Recyclers Shooed . | . . . . . . . . . . . Parts Field Recycled . | . . . . . . . . . . . Retrieved Matter . | . . . . . . . . . . . Parts Self-Destructed 4 | . . . . . . . . . 3 1 Prevented . | . . . . . . . . . . . Kills | -11 -10 -9 -8 -7 -7 -7 -7 -6 -6 -6 ------- Run | Yrd Mat Mat Mat Fac Was Fac DSF Fac Low Low Combat Hostiles Destroyed 2 | . 1 . . . . . . . . 1 Guns 1 | . 1 . . . . . . . . . Cannons 1 | . . . . . . . . . . 1 Classes Destroyed 3 | 1 1 . . . . . . . . 1 Tunneler 1 | 1 . . . . . . . . . . Swarmer 1 | . . . . . . . . . . 1 Grunt 1 | . 1 . . . . . . . . . Best Kill Streak 1 | 1 1 . . . . . . . . 1 Combat Bots Only 1 | . 1 . . . . . . . . 1 Max Kills in Single Turn 1 | 1 1 . . . . . . . . 1 Gunslinging . | . . . . . . . . . . . Exploded . | . . . . . . . . . . . Melee . | . . . . . . . . . . . Uniques/NPCs Destroyed . | . . . . . . . . . . . Combat | -11 -10 -9 -8 -7 -7 -7 -7 -6 -6 -6 -------- Run | Yrd Mat Mat Mat Fac Was Fac DSF Fac Low Low Hostile Shots Fired 167 | . . 15 33 . 1 . 21 6 6 85 Missed 61 | . . 7 10 . . . 4 1 2 37 Hits 106 | . . 8 23 . 1 . 17 5 4 48 Melee 2 | . . . . . 1 . 1 . . . Projectile 104 | . . 8 23 . . . 16 5 4 48 Critical Strikes 5 | . . . 1 . 1 . 2 1 . . Damage Taken 1869 | . 11 101 268 2 44 . 548 78 59 758 Core 1816 | . . 101 268 2 44 . 536 78 59 728 Absorbed by Shields 14 | . . . . . . . 14 . . . Core Remaining (%) 68 | 100 100 74 51 . . . 16 . . . Volleys Fired 8 | 2 2 . . . . . . . . 4 Largest 2 | 2 2 . . . . . . . . 1 Hottest 100 | 100 100 . . . . . . . . 100 Shots Fired 12 | 4 4 . . . . . . . . 4 Gun 8 | 4 4 . . . . . . . . . Cannon . | . . . . . . . . . . . Launcher . | . . . . . . . . . . . Special 4 | . . . . . . . . . . 4 Kinetic . | . . . . . . . . . . . Thermal 12 | 4 4 . . . . . . . . 4 Explosive . | . . . . . . . . . . . Electromagnetic . | . . . . . . . . . . . Robot Hit Streak 3 | 1 1 . . . . . . . . 3 Robot Miss Streak 2 | 2 2 . . . . . . . . 1 Penetration Max . | . . . . . . . . . . . Secondary Targets . | . . . . . . . . . . . Shots Hit Robots 5 | 1 1 . . . . . . . . 3 Core Hits 5 | 1 1 . . . . . . . . 3 Critical Kills . | . . . . . . . . . . . Critical Parts Destroyed . | . . . . . . . . . . . Critical Strikes 1 | . . . . . . . . . . 1 Burn 1 | . . . . . . . . . . 1 Melee Attacks . | . . . . . . . . . . . Impact . | . . . . . . . . . . . Slashing . | . . . . . . . . . . . Piercing . | . . . . . . . . . . . Sneak Attacks . | . . . . . . . . . . . Combat Hostiles . | . . . . . . . . . . . Follow-up Attacks . | . . . . . . . . . . . Damage Inflicted 95 | 12 25 . 7 5 . . 4 . . 42 Guns 37 | 12 25 . . . . . . . . . Cannons . | . . . . . . . . . . . Explosions . | . . . . . . . . . . . Melee . | . . . . . . . . . . . Ramming 20 | . . . 7 5 . . 4 . . 4 Kinetic . | . . . . . . . . . . . Thermal 75 | 12 25 . . . . . . . . 38 Explosive . | . . . . . . . . . . . Electromagnetic . | . . . . . . . . . . . Impact . | . . . . . . . . . . . Slashing . | . . . . . . . . . . . Piercing . | . . . . . . . . . . . Highest Corruption 8 | . . . . . 8 8 8 1 1 1 Average Corruption 2 | . . . . . 8 8 4 1 1 1 Corruption Purged 7 | . . . . . . . 7 . . . Corruption Blocked . | . . . . . . . . . . . Effects 6 | . . . . . . 3 1 . 2 . Message Errors 5 | . . . . . . 2 1 . 2 . Energy Discharges 1 | . . . . . . 1 . . . . Overload Shots . | . . . . . . . . . . . Overflow Damage . | . . . . . . . . . . . Projectiles . | . . . . . . . . . . . Explosions . | . . . . . . . . . . . Melee . | . . . . . . . . . . . Knockbacks . | . . . . . . . . . . . Impact . | . . . . . . . . . . . Kinetic . | . . . . . . . . . . . Secondary . | . . . . . . . . . . . Self-Inflicted Damage 9 | . . . 3 2 . . 2 . . 2 Shots . | . . . . . . . . . . . Rammed 8 | . . . 2 3 . . 1 . . 2 Targets Rammed 8 | . . . 2 3 . . 1 . . 2 Kicked . | . . . . . . . . . . . Crushed . | . . . . . . . . . . . Highest Temperature 78 | 78 39 . . . . . . . . 52 Average Temperature 32 | 43 24 . . . . . . . . 27 Received Heat Transfer 183 | . . 57 36 . . . 45 . . 45 Siege Activations . | . . . . . . . . . . . Martial Activations . | . . . . . . . . . . . Shielding Activations . | . . . . . . . . . . . Robots Disrupted . | . . . . . . . . . . . Combat Hostiles . | . . . . . . . . . . . Robots Corrupted . | . . . . . . . . . . . Combat Hostiles . | . . . . . . . . . . . Parts Fried . | . . . . . . . . . . . Impact Corruptions . | . . . . . . . . . . . Robots Melted . | . . . . . . . . . . . Combat Hostiles . | . . . . . . . . . . . Parts Melted 1 | . . . . . . . . . . 1 Heat Transferred 511 | 37 74 . . . . . . . . 400 Parts Sabotaged . | . . . . . . . . . . . Parts Stolen . | . . . . . . . . . . . Parts Stripped . | . . . . . . . . . . . Power Chain Reactions . | . . . . . . . . . . . Alert | -11 -10 -9 -8 -7 -7 -7 -7 -6 -6 -6 ------- Run | Yrd Mat Mat Mat Fac Was Fac DSF Fac Low Low Maximum Alert Level . | . . . . . . . . . . . Low Security (%) 100 | 100 100 100 100 100 100 100 100 100 . . Level 1 . | . . . . . . . . . . . Level 2 . | . . . . . . . . . . . Level 3 . | . . . . . . . . . . . Level 4 . | . . . . . . . . . . . Level 5 . | . . . . . . . . . . . High Security . | . . . . . . . . . . . Max Security . | . . . . . . . . . . . Peak Influence 20 | 5 20 . 15 6 . 15 15 15 . . Initial 6 | . . . . 6 . . 3 2 . . Average 2 | . 2 . 2 . . 4 6 2 . . Influence Increases 190 | 5 20 . 15 . . 20 15 20 . 95 Destroy 0b10 Robot/C 40 | . 20 . . . . . . . . 20 Destroy 0b10 Robot/NC 5 | 5 . . . . . . . . . . Successful Hack 10 | . . . . . . 5 . 5 . . Partial Spotted 30 | . . . 15 . . 15 . . . . Lose Combat Pursuer 105 | . . . . . . . 15 15 . 75 Influence Decreases 135 | 5 20 . . 15 . 15 15 25 . 40 Entered New Map 14 | . . . . 9 . . 2 3 . . Time Decay 98 | 5 20 . . 6 . 15 . 22 . 30 Lost Part 23 | . . . . . . . 13 . . 10 Squads Dispatched 3 | . 1 . 1 . . . . 1 . . Investigation 2 | . . . 1 . . . . 1 . . Extermination . | . . . . . . . . . . . Reinforcement 1 | . 1 . . . . . . . . . Assault . | . . . . . . . . . . . Garrison . | . . . . . . . . . . . Intercept . | . . . . . . . . . . . Searches Triggered . | . . . . . . . . . . . Construction Impeded . | . . . . . . . . . . . Haulers Reinforced . | . . . . . . . . . . . Active Scanning Responses . | . . . . . . . . . . . Cargo Convoy Interrupts . | . . . . . . . . . . . Stealth | -11 -10 -9 -8 -7 -7 -7 -7 -6 -6 -6 --------- Run | Yrd Mat Mat Mat Fac Was Fac DSF Fac Low Low Distress Signals 2 | . 2 . . . . . . . . . Communications Jammed . | . . . . . . . . . . . Distress Signals . | . . . . . . . . . . . Times Spotted 50 | . 7 6 8 5 6 . 6 2 1 9 Peak Tracking Total 9 | . 4 6 9 4 6 . 5 2 1 6 Tactical Retreats 4 | . . . . . . . 1 1 . 2 Traps | -11 -10 -9 -8 -7 -7 -7 -7 -6 -6 -6 ------- Run | Yrd Mat Mat Mat Fac Was Fac DSF Fac Low Low Traps Triggered 3 | . . . . 1 . . 2 . . . Indirectly . | . . . . . . . . . . . Trap Hack Attempts . | . . . . . . . . . . . Triggered . | . . . . . . . . . . . Disarmed . | . . . . . . . . . . . Reprogrammed . | . . . . . . . . . . . Reused . | . . . . . . . . . . . Traps Extracted . | . . . . . . . . . . . Installed . | . . . . . . . . . . . Triggered . | . . . . . . . . . . . Machines | -11 -10 -9 -8 -7 -7 -7 -7 -6 -6 -6 ---------- Run | Yrd Mat Mat Mat Fac Was Fac DSF Fac Low Low Machines Disabled . | . . . . . . . . . . . Max in Single Turn . | . . . . . . . . . . . Machines Repaired . | . . . . . . . . . . . Machines Dismantled . | . . . . . . . . . . . Machines Sabotaged . | . . . . . . . . . . . Overloaded Fab Kills . | . . . . . . . . . . . Hacking | -11 -10 -9 -8 -7 -7 -7 -7 -6 -6 -6 --------- Run | Yrd Mat Mat Mat Fac Was Fac DSF Fac Low Low Machines Accessed 6 | . . . 1 . . 2 . 2 . 1 Terminals 4 | . . . 1 . . 1 . 2 . . Fabricators 1 | . . . . . . 1 . . . . Repair Stations . | . . . . . . . . . . . Recycling Units . | . . . . . . . . . . . Scanalyzers . | . . . . . . . . . . . Garrison Access . | . . . . . . . . . . . Total Hacks 11 | . . . 2 . . 3 . 5 . 1 Successful 4 | . . . . . . 2 . 1 . 1 Failed 7 | . . . 2 . . 1 . 4 . . Catastrophic 4 | . . . 2 . . . . 2 . . Database Lockouts . | . . . . . . . . . . . Manual 2 | . . . 2 . . . . . . . Terminals 9 | . . . 2 . . 2 . 5 . . Fabricators 1 | . . . . . . 1 . . . . Repair Stations . | . . . . . . . . . . . Recycling Units . | . . . . . . . . . . . Scanalyzers . | . . . . . . . . . . . Garrison Access . | . . . . . . . . . . . Terminal Hacks 3 | . . . . . . 1 . 1 . 1 Open Door 1 | . . . . . . . . . . 1 Open DSF 2 | . . . . . . 1 . 1 . . Fabricator Hacks 1 | . . . . . . 1 . . . . Network Status 1 | . . . . . . 1 . . . . Repair Station Hacks . | . . . . . . . . . . . Recycling Unit Hacks . | . . . . . . . . . . . Scanalyzer . | . . . . . . . . . . . Garrison Access Hacks . | . . . . . . . . . . . Unauthorized Hacks . | . . . . . . . . . . . Terminals . | . . . . . . . . . . . Fabricators . | . . . . . . . . . . . Repair Stations . | . . . . . . . . . . . Recycling Units . | . . . . . . . . . . . Scanalyzers . | . . . . . . . . . . . Garrison Access . | . . . . . . . . . . . Data Cores Recovered . | . . . . . . . . . . . Used . | . . . . . . . . . . . Hacking Detections 3 | . . . 1 . . 1 . 1 . . Full Trace Events 2 | . . . 1 . . . . 1 . . Feedback Events . | . . . . . . . . . . . Feedback Blocked . | . . . . . . . . . . . Robot Schematics Acquired . | . . . . . . . . . . . Robots Built . | . . . . . . . . . . . Authchips . | . . . . . . . . . . . Time . | . . . . . . . . . . . Total Robot Build Rating . | . . . . . . . . . . . Part Schematics Acquired . | . . . . . . . . . . . Parts Built . | . . . . . . . . . . . Authchips . | . . . . . . . . . . . Time . | . . . . . . . . . . . Total Part Build Rating . | . . . . . . . . . . . Parts Repaired . | . . . . . . . . . . . Time . | . . . . . . . . . . . Parts Recycled . | . . . . . . . . . . . Recycled Matter . | . . . . . . . . . . . Retrieved Matter . | . . . . . . . . . . . Retrieved Components . | . . . . . . . . . . . Parts Scanalyzed . | . . . . . . . . . . . Part Schematics Acquired . | . . . . . . . . . . . Parts Damaged . | . . . . . . . . . . . Bothacking | -11 -10 -9 -8 -7 -7 -7 -7 -6 -6 -6 ------------ Run | Yrd Mat Mat Mat Fac Was Fac DSF Fac Low Low Used RIF Installer . | . . . . . . . . . . . Robots Hacked . | . . . . . . . . . . . Non-combat . | . . . . . . . . . . . Combat . | . . . . . . . . . . . Robot Hacks Applied . | . . . . . . . . . . . Relay Couplers Released . | . . . . . . . . . . . Fabnet Peak Effective % . | . . . . . . . . . . . Robots Rewired . | . . . . . . . . . . . Allies Hacked . | . . . . . . . . . . . Hacks Repelled . | . . . . . . . . . . . Allies | -11 -10 -9 -8 -7 -7 -7 -7 -6 -6 -6 -------- Run | Yrd Mat Mat Mat Fac Was Fac DSF Fac Low Low Total Allies 1 | . . . . . . . . . . 1 Largest Group 1 | . . . . . . . . . . 1 Highest-Rated Group 165 | . . . . . . . . . . 165 Highest-Rated Ally 165 | . . . . . . . . . . 165 Total Orders . | . . . . . . . . . . . Ally Attacks . | . . . . . . . . . . . Total Damage . | . . . . . . . . . . . Kills . | . . . . . . . . . . . Allies Corrupted . | . . . . . . . . . . . Allies Melted . | . . . . . . . . . . . Intel | -11 -10 -9 -8 -7 -7 -7 -7 -6 -6 -6 ------- Run | Yrd Mat Mat Mat Fac Was Fac DSF Fac Low Low Active Infowar (turns) 229 | 23 159 47 . . . . . . . . Seismic 229 | 23 159 47 . . . . . . . . Robot Analysis Total . | . . . . . . . . . . . Derelict Logs Recovered 3 | . . . . . . . . . 1 2 Drone Launches . | . . . . . . . . . . . Drone Recoveries . | . . . . . . . . . . . Exploration | -11 -10 -9 -8 -7 -7 -7 -7 -6 -6 -6 ------------- Run | Yrd Mat Mat Mat Fac Was Fac DSF Fac Low Low Turns Passed 1182 | 83 159 73 98 148 49 59 113 141 160 99 Spaces Moved 1765 | 76 112 91 183 184 97 118 146 280 307 171 Core 1553 | 14 . 53 183 184 97 118 146 280 307 171 Treads . | . . . . . . . . . . . Legs . | . . . . . . . . . . . Wheels 212 | 62 112 38 . . . . . . . . Hover . | . . . . . . . . . . . Flight . | . . . . . . . . . . . Fastest Speed 50 | 50 90 50 50 50 50 50 50 50 50 50 Average Speed 54 | 82 90 66 50 50 50 50 50 50 50 50 Slowest Speed 100 | 100 90 90 50 50 50 50 50 50 50 50 Overloaded Moves . | . . . . . . . . . . . Propulsion Burnouts . | . . . . . . . . . . . Robots Hopped . | . . . . . . . . . . . Potential Cave-ins . | . . . . . . . . . . . Cave-ins Triggered . | . . . . . . . . . . . Exploration Rate (%) 30 | 3 22 12 21 8 67 4 93 10 58 33 Regions Visited 10 Branch Regions 2 Pre-discovered Areas 1 | . . . . . . . . . 1 . Known Exits Taken 1 | . . . . . . 1 . . . . Unknown Exits Taken 6 | 1 1 1 1 . . . . 1 1 . Scrap Searched 8 | . . . . . . . . . 7 1 Spaces Dug . | . . . . . . . . . . . Terrain Destroyed . | . . . . . . . . . . . Melee . | . . . . . . . . . . . Projectile . | . . . . . . . . . . . AOE . | . . . . . . . . . . . Terrain Rammed . | . . . . . . . . . . . Walls Destroyed . | . . . . . . . . . . . Machines Disabled . | . . . . . . . . . . . Actions | -11 -10 -9 -8 -7 -7 -7 -7 -6 -6 -6 --------- Run | Yrd Mat Mat Mat Fac Was Fac DSF Fac Low Low Total 1951 | 88 166 102 190 239 96 117 183 280 311 179 Wait 109 | . 53 12 2 40 . . . 1 . 1 Move 1756 | 75 111 90 182 184 96 117 145 279 306 171 Hop . | . . . . . . . . . . . Pick Up 5 | 4 . . . . . . . . 1 . Fast Attach 15 | 7 . . . . . . 4 . 3 1 Attach . | . . . . . . . . . . . Detach . | . . . . . . . . . . . Swap . | . . . . . . . . . . . Drop 6 | . . . 4 . . . 1 . 1 . Fire 8 | 2 2 . . . . . . . . 4 Melee . | . . . . . . . . . . . Ram 8 | . . . 2 3 . . 1 . . 2 Kick . | . . . . . . . . . . . Crush . | . . . . . . . . . . . Escape Stasis 28 | . . . . . . . 28 . . . Rewire 16 | . . . . 12 . . 4 . . . Trap . | . . . . . . . . . . . Miscellaneous . | . . . . . . . . . . . Route ------- -11/Scrapyard -10/Materials (discovered 2 exits: [*Mat] / [*Sub]) -9/Materials -8/Materials -7/Factory -7/Waste -7/Factory -7/DSF -6/Factory -6/Lower Caves -6/Lower Caves History --------- Turn | Location | Event 10 | -11/Scrapyard | Discovered new exit (range 16) 84 | -11/Scrapyard | Entered Materials 85 | -10/Materials | Met a group of wandering Federalists 175 | -10/Materials | Lost 3 allies 219 | -10/Materials | Discovered new exit (range 12) 235 | -10/Materials | Discovered new exit (range 7) 243 | -10/Materials | Entered another Materials area 243 | -9/Materials | Accompanied by 1 ally 243 | -9/Materials | Evolved 2 slots: Propulsion x1, Utility x1 290 | -9/Materials | Released all parts (7) 308 | -9/Materials | Discovered new exit (range 16) 313 | -9/Materials | Build established: Mutant 316 | -9/Materials | Entered another Materials area 316 | -8/Materials | Evolved 2 slots: Utility x2 406 | -8/Materials | Discovered new exit (range 16) 414 | -8/Materials | Entered Factory 414 | -7/Factory | Evolved 2 slots: Propulsion x2 562 | -7/Factory | Manually triggered Chute Trap 562 | -7/Factory | Sucked down chute 562 | -7/Factory | Entered Waste 569 | -7/Waste | Spotted C-40 Crusher 577 | -7/Waste | EMP discharged 591 | -7/Waste | Spotted C-40 Crusher 593 | -7/Waste | Spotted C-40 Crusher 596 | -7/Waste | Spotted C-40 Crusher 600 | -7/Waste | Spotted C-40 Crusher 600 | -7/Waste | Spotted C-40 Crusher 603 | -7/Waste | Discovered new exit (range 16) 611 | -7/Waste | Entered Factory 663 | -7/Factory | Identified exit to DSF 670 | -7/Factory | Entered DSF 693 | -7/DSF | Additional patrols routed to DSF 696 | -7/DSF | Discovered new exit (range 13) 769 | -7/DSF | Core integrity fell below 50% 783 | -7/DSF | Core integrity fell below 20% 783 | -7/DSF | Entered Factory 783 | -6/Factory | Evolved 2 slots: Propulsion x2 912 | -6/Factory | Discovered new exit (range 15) 924 | -6/Factory | Entered Lower Caves 1066 | -6/Lower Caves | Discovered new exit (range 8) 1084 | -6/Lower Caves | Entered another Lower Caves area 1113 | -6/Lower Caves | Learned Factory trap positions 1130 | -6/Lower Caves | Core integrity fell below 50% 1147 | -6/Lower Caves | Core integrity fell below 20% 1183 | -6/Lower Caves | Destroyed by S-27 Virus with Autogun Last Messages --------------- 01128_ Slammed into S-27 Virus. 01129_ Destabilizing: Core damaged (-17). 01133_ S-27 Virus destroyed. A strange signal echoes through the caves. 01144_ K2-CKH(k) destroyed. 01150_ LE-KAZ(k) destroyed. 01157_ Mak. System Shield destroyed. 01169_ Acquired derelict log, extracted data. Data stored: Upper Caves entrances (x1). 01171_ Connecting with WAR.Sys... 01171_ Current location identified: Lower Caves >>Open Door Sealed Heavy Doors opened. 01172_ Acquired Plasma Flamer. 01175_ S-27 Virus suffers critical hit (Burn). 01176_ S-27 Virus heat damages VTOL Module. 01178_ S-27 Virus heat damages Lgt. Nuclear Core. 01182_ VTOL Module melted. 01182_ S-27 Virus destroyed. Map ----- +----------------------------------------------------+ | ?????????????????????????????????????????????????? | | ?????????????????????????????????????????????????? | | ?????????????????????????????????????????????????? | | ?????????????????????????????????????????????????? | | ?????????????????????????????????????????????????? | | ?????????????????????????????????????????????????? | | ?????????????????????????????????????????????????? | | ?????????????????????????????????????????????????? | | ?????????????????????????????????????????????????? | | ?????????????????????????????????????????????????? | | ?????????????????????????????????????????????????? | | ?????????????????????????????????????????????????? | | ?????????????????????????????????????????????????? | | ?????????????????????????????????????????????????? | | ?????????????????????????????????????????????????? | | ?????????????????????????????????????????????????? | | ?????????????????????????????????????????????????? | | ?????????????????????????????????????????????????? | | ?????????????????????????????????????????????????? | | ?????????????????????????????????????????????????? | | ?????????????????????????????????????????????????? | | ?????????????????????????????????????????????????? | | ???????????????????????????? ????????????????????? | | ???????????????????????????# #???????????????????? | | ????????????????????????#### #???????????????????? | | ??????????????????????###@## #???????????????????? | | ??????????????????????#X#%s# #???????????????????? | | ??????????????????????# !# ##??????????????????? | | ??????????????????????# #!## ###????????????????? | | ??????????????????????# ### ####?????????????? | | ??????????????????????## ## #?????????????? | | ?????????????????????### ## #?????##??????? | | ????????????????????## # # ## ###### ##?????? | | ???????????????????## ## #?????? | | ??????????????????## #?????? | | ??????????????# ## ##????? | | ????????????????# #????? | | ????????????????# #?????? | | ????????????????# ### ###### ##?????? | | ????????????????###??## ####????##### ##??????? | | ??????????????????????##????????????## #???????? | | ?????????????????????????????????????## #???????? | | ??????????????????????????????????????## ##??????? | | ??????????????????????????????????????## #??????? | | ???????????????????????????????????#### ##?????? | | ???????????????????????????????????# ##????? | | ???????????????????????????????????## #????? | | ????????????????????????????????????## #????? | | ????????????????????????????????????## #????? | | ????????????????????????????????????# ##????? | +----------------------------------------------------+ Best States ------------- Heat Dissipation 37 Energy Generation 10 Energy Capacity 250 Matter Stores 300 Matter Capacity 300 Sight Range 16 Terrain Scan Density 135 Evasion (%) 50 Defensive Hacking 11 Item Schematics ----------------- None Robot Schematics ------------------ None Fabricated ------------ Nothing Repaired ---------- Nothing Alien Tech Used ----------------- None Achievements -------------- Wheee! Challenges ------------ None Game ------ Seed DeepCloakChip Manual? 0 Play Time 00:14:39 Cumulative 94.9 hours Start 2025.08.04 @ 00:45:23 End 2025.08.04 @ 00:58:40 Sessions 1 Manual Loads 0 Difficulty Rogue Special Mode None Game No. 114 Rogue 114 Adventurer 0 Explorer 0 Win Type - Total 0 Types 0/0/0/0/0/0/0/0/0/0 Lore% 58 Gallery% 44 Achievement% 42 Wizard Run 0 Options --------- Layout 1 ASCII 0 Keyboard 0 Movement Arrows Keybinds 0 Fullscreen 1 Font 24/Smallcaps Map View 50x35 Zoom Use 0% Tactical HUD 1 Map Filters NONE Filters NONE Steam 1 RUN: 9693ee21-990d-4ebc-8af7-0dc5629cd7f2